 Dungeon Crawl Stone Soup version 0.20.1-1-g8b1a95d (webtiles) character file.

627 Jazqa the Sneak (level 7, -3/60 HPs)
             Began as a Naga Enchanter on Oct 31, 2017.
             Killed from afar by Dowan (13 damage)
             ... with a shard of ice
             ... on level 4 of the Dungeon.
             The game lasted 00:06:20 (3604 turns).

Jazqa the Sneak (Naga Enchanter)                    Turns: 3604, Time: 00:06:20

Health: -3/60      AC:  4    Str: 16    XL:     7   Next: 48%
Magic:  3/13       EV: 10    Int: 20    God:
Gold:   211        SH:  0    Dex: 13    Spells: 11/14 levels left

rFire    + . .     SeeInvis +   x - +1 dagger "Goblinbane" {pierce, MR+ Int+5 SInv} (curse)
rCold    + . .     Gourm    .   (no shield)
rNeg     . . .     Faith    .   b - +0 robe
rPois    +         Spirit   .   (no helmet)
rElec    +         Reflect  .   n - +0 cloak
rCorr    +         Harm     .   (no gloves)
MR       +....                  (no barding)
Stlth    +++.......             (no amulet)
Regen    0.2/turn               v - ring of see invisible
MPRegen  0.2/turn               (no ring)

@: mighty, resistant, very slightly contaminated, hasted, quick
A: see invisible, deformed body, poison resistance, slowness 2, slow metabolism
1, spit poison 1, AC +2
a: Spit Poison


You were on level 4 of the Dungeon.
You were not hungry.

You visited 1 branch of the dungeon, and saw 4 of its levels.

You collected 211 gold pieces.


Innate Abilities, Weirdness & Mutations

You cannot wear boots.
Your serpentine skin is tough. (AC +2)
You have supernaturally acute eyesight. (SInv)
Armour fits poorly on your strangely shaped body.
Your system is resistant to poisons. (rPois)
You cover ground very slowly.
You have a slow metabolism.
You can spit poison.


   Skills:
 - Level 2.0 Fighting
 + Level 3.6 Short Blades
 - Level 1.5 Dodging
 + Level 6.9 Stealth
 + Level 4.0 Spellcasting
 + Level 5.0 Hexes


You had 11 spell levels left.
You knew the following spells:

 Your Spells              Type           Power        Failure   Level  Hunger
x - Ensorcelled Hibernat  Hex/Ice        ##....       7%          2    #......
z - Corona                Hex            ###....      1%          1    None

Inventory:

Hand Weapons
 j - a +2 dagger of venom
 x - the cursed +1 dagger "Goblinbane" (weapon) {pierce, MR+ Int+5 SInv}
   (You found it on level 4 of the Dungeon)

   It inflicts extra damage upon your enemies.
   It affects your intelligence (+5).
   It affects your resistance to hostile enchantments.
   It lets you see invisible.
   It has a curse placed upon it.
Missiles
 q - a throwing net (quivered) {=f}
Armour
 b - a +0 robe (worn)
 n - a +0 cloak (worn)
 t - a +1 robe of magic resistance
Jewellery
 v - a ring of see invisible (left hand)
Scrolls
 f - 3 scrolls of identify {unknown}
 g - 2 scrolls of remove curse {@r2}
 i - 4 scrolls of teleportation {unknown}
 l - a scroll of amnesia {unknown}
 w - a scroll of immolation {unknown}
Potions
 e - a potion of curing {unknown}
 h - a potion of brilliance {unknown}
 m - a potion of berserk rage {unknown}
 o - a potion of magic {unknown}
 p - a potion of flight {unknown}
 s - a potion of mutation {unknown}
Books
 c - a book of Maledictions

   Spells                             Type                      Level
   a - Corona                         Hexes                        1
   b - Ensorcelled Hibernation        Hexes/Ice                    2
   c - Confuse                        Hexes                        3
   d - Tukima's Dance                 Hexes                        3
   e - Dazzling Spray                 Conjuration/Hexes            3
Comestibles
 d - 2 bread rations {@e1}
 k - 2 meat rations {@e1}

Dungeon Overview and Level Annotations

Branches:
Dungeon (4/15)
 Temple: D:4-7

Altars:
Elyvilon
Kikubaaqudgha

Annotations:
D:4 Dowan

#### ##... ##.... #.....
# #..... ... ###.....
.....############.......
.....e.@...)..)...###...
......###############...
.....................<..
.... #####..###........
### #.##.##.....#....
#....##....#.....
#.#.......##.##.. #
#.(.......##.###.
...#####........###.# #


You could see Dowan.


Message History

You hit Duvessa.
Duvessa is moderately wounded.
Duvessa hits you but does no damage.
Unknown command.
You puncture Duvessa!
Duvessa is severely wounded.
Duvessa misses you.
You puncture Duvessa!
Duvessa is almost dead.
Duvessa completely misses you.
You hit Duvessa.
You kill Duvessa!
Dowan's eyes darken. "You have made a black mistake."
Dowan seems to find hidden reserves of power!
Your Spellcasting skill increases to level 4!
Your Hexes skill increases to level 5!
Dowan casts a spell.
Dowan blinks!
You closely miss the adder. The adder bites you.
* * * LOW HITPOINT WARNING * * *
Unknown command.
You puncture the adder!
You kill the adder!
Dowan mumbles some strange words.
Dowan blinks!
Things that are here:
a short sword; a leather armour Dowan gestures at you while chanting.
The shard of ice hits you! You partially resist.
You die...

Skill      XL: |  1  2  3  4  5  6  7 |
---------------+----------------------+-----
Fighting       | 1 2 |  2.0
Short Blades   | 2 3 |  3.6
Stealth        | 5 6 |  6.9
Spellcasting   | 3 4 |  4.0
Hexes          | 4 5 |  5.0
Dodging        | |  1.5

Action                   |  1- 3 |  4- 6 |  7- 9 || total
-------------------------+-------+-------+-------++-------
Melee: Dagger            |    95 |   104 |    22 ||   221
 Cast: Corona            |    16 |     3 |     1 ||    20
       Ensorcelled Hiber |     1 |     6 |     7 ||    14
  Use: Scroll            |     3 |       |       ||     3
       Potion            |       |       |     3 ||     3
 Stab: Sleeping          |    11 |    13 |     2 ||    26
       Distracted        |       |     1 |       ||     1
  Eat: Chunk             |     1 |     5 |     1 ||     7
Armor: Robe              |    34 |    39 |     6 ||    79
Dodge: Dodged            |    92 |    83 |    10 ||   185

Vault maps used:
D:1:      dpeg_arrival_prison, minmay_pentomino_v2
D:2:      first_bread, serial_corexii_hall, corexii_hall_statues_deadend,
          corexii_hall_statues_t, minmay_goblin_kobold_house,
          uniq_crazy_yiuf_cottage
D:3:      lemuel_upstairs_altar, gammafunk_temple_overflow_pools
D:4:      fiery_altar_vehumet, minmay_temple_entry_from_below_b, serial_shops,
          shop_fountains, uniq_duvessa, uniq_blork_the_orc

Notes
Turn   | Place    | Note
-------+----------+-------------------------------------------
     0 | D:1      | Jazqa the Naga Enchanter began the quest for the Orb.
     0 | D:1      | Reached XP level 1. HP: 15/15 MP: 3/3
   281 | D:1      | Reached XP level 2. HP: 20/22 MP: 3/5
   945 | D:1      | Reached XP level 3. HP: 16/28 MP: 6/6
   997 | D:1      | Learned a level 2 spell: Ensorcelled Hibernation
  1262 | D:2      | Reached skill level 1 in Fighting
  1324 | D:2      | Found a runed door.
  1382 | D:2      | Reached XP level 4. HP: 33/38 MP: 4/7
  1865 | D:2      | Noticed Crazy Yiuf
  1883 | D:2      | Killed Crazy Yiuf
  1883 | D:2      | Reached skill level 2 in Short Blades
  1883 | D:2      | Reached skill level 5 in Stealth
  2111 | D:3      | Reached XP level 5. HP: 42/45 MP: 9/9
  2436 | D:3      | Reached skill level 2 in Fighting
  2439 | D:3      | Reached skill level 3 in Spellcasting
  2479 | D:3      | Found a white marble altar of Elyvilon.
  2480 | D:3      | Found an ancient bone altar of Kikubaaqudgha.
  3013 | D:4      | Reached skill level 4 in Hexes
  3027 | D:4      | Reached XP level 6. HP: 52/52 MP: 10/10
  3050 | D:4      | Noticed a wyvern
  3059 | D:4      | Killed a wyvern
  3059 | D:4      | Reached skill level 3 in Short Blades
  3059 | D:4      | Reached skill level 6 in Stealth
  3292 | D:4      | Noticed Blork the orc
  3296 | D:4      | Killed Blork the orc
  3296 | D:4      | Reached XP level 7. HP: 57/60 MP: 12/12
  3332 | D:4      | Got a bloodstained dagger
  3334 | D:4      | Identified the cursed +1 dagger "Goblinbane" {pierce, MR+ Int+5 SInv} (You found it on level 4 of the Dungeon)
  3576 | D:4      | Noticed Duvessa
  3578 | D:4      | Noticed Dowan
  3592 | D:4      | Identified a potion of resistance
  3597 | D:4      | Killed Duvessa
  3597 | D:4      | Reached skill level 4 in Spellcasting
  3597 | D:4      | Reached skill level 5 in Hexes
  3604 | D:4      | Killed from afar by Dowan

Vanquished Creatures
  A wyvern (D:4)
  Duvessa (D:4)
  Blork the orc (D:4)
  A scorpion (D:4)
  A howler monkey (D:4)
  Crazy Yiuf (D:2)
  An iguana (D:4)
  8 adders
  An ooze (D:3)
  4 dart slugs
  A leopard gecko (D:1)
  An orc (D:3)
  6 bats
  5 giant cockroaches
  12 goblins
  9 hobgoblins
  4 jackals (D:3)
  10 kobolds
  2 quokkas
  6 frilled lizards
  A quokka zombie (D:4)
  6 rats
83 creatures vanquished.

Vanquished Creatures (others)
  An orc (D:4)
1 creature vanquished.

Grand Total: 84 creatures vanquished
